NYP
STATEN ISLAND YANKEES @ VANCOUVER CANADIANS
04/08/2046
 
TOP OF THE 1ST
Staten Island Yankees batting - Pitching for Vancouver Canadians : RHP William Cordero
Pitching: RHP William Cordero
Batting: RHB Ben Jennings 0-0: Foul Ball, location: 2F
0-1: Ground out 6-3 (Groundball, 6, EV 102.5 MPH)
Batting: SHB Alex Orozco 0-0: Called Strike
0-1: Called Strike
0-2: Ball
1-2: Ground out U3 (Groundball, 3L, EV 99.4 MPH)
Batting: RHB Nate Singleton 0-0: Fly out, F3 (Popup, 34, EV 61.9 MPH)
Top of the 1st over - 0 runs, 0 hits, 0 errors, 0 left on base; Staten Island 0 - Vancouver 0
BOTTOM OF THE 1ST
Vancouver Canadians batting - Pitching for Staten Island Yankees : RHP Jake Bryant
Pitching: RHP Jake Bryant
Batting: RHB Justin Geiger 0-0: Ground out 5-3 (Groundball, 5, EV 106.2 MPH)
Batting: LHB Ray Whitehead 0-0: Called Strike
0-1: Foul Ball, location: 2F
0-2: Ball
1-2: DOUBLE (Groundball, 3L, EV 105.0 MPH)
Batting: RHB Tristan Dennis 0-0: Fly out, F1 (Line Drive, P, EV 65.0 MPH)
Batting: LHB Sonny Flood 0-0: Ball
Wild Pitch!
Ray Whitehead to third
1-0: Ball
2-0: Hit by Pitch
Batting: RHB Lee McKay 0-0: Called Strike
0-1: Foul Ball, location: 2F
0-2: Ball
1-2: Foul Ball, location: 2F
1-2: Ball
2-2: Foul Ball, location: 2F
2-2: Strikes out looking
Bottom of the 1st over - 0 runs, 1 hit, 0 errors, 2 left on base; Staten Island 0 - Vancouver 0
TOP OF THE 2ND
Staten Island Yankees batting - Pitching for Vancouver Canadians : RHP William Cordero
Batting: LHB Steve LeGrand 0-0: Foul Ball, location: 2F
0-1: Foul Ball, location: 2F
0-2: Strikes out swinging
Batting: RHB Norimoto Miyanishi 0-0: Ball
1-0: Swinging Strike
1-1: Called Strike
1-2: Strikes out looking
Batting: RHB Junki Nakamoto 0-0: Ball
1-0: Foul Ball, location: 2F
1-1: Foul Ball, location: 2F
1-2: Foul Ball, location: 2F
1-2: Ball
2-2: Ball
3-2: Foul Ball, location: 2F
3-2: Strikes out looking
Top of the 2nd over - 0 runs, 0 hits, 0 errors, 0 left on base; Staten Island 0 - Vancouver 0
BOTTOM OF THE 2ND
Vancouver Canadians batting - Pitching for Staten Island Yankees : RHP Jake Bryant
Batting: RHB Kyle Scruggs 0-0: Foul Ball, location: 2F
0-1: Ball
1-1: SINGLE (Line Drive, 89S, EV 113.8 MPH)
Batting: RHB Jose Garza 0-0: SINGLE (Line Drive, 8RS, EV 95.0 MPH)
Kyle Scruggs to second
Batting: RHB Bobby Lasaguna 0-0: SINGLE (Groundball, 6MD, EV 96.9 MPH)
Kyle Scruggs to third
Jose Garza to second
Batting: RHB Jose Ontiveros 0-0: Ball
1-0: Foul Ball, location: 2F
1-1: Ball
2-1: Foul Ball, location: 2F
2-2: Ball
3-2: Fly out, F7 (Flyball, 7S, EV 90.6 MPH)
Batting: RHB Justin Geiger 0-0: Called Strike
0-1: Ball
1-1: Called Strike
1-2: Fly out, F8 (Flyball, 8RD, EV 100.0 MPH)
Batting: LHB Ray Whitehead 0-0: Ball
1-0: Ball
2-0: Swinging Strike
2-1: Ball
3-1: Swinging Strike
3-2: Base on Balls
Kyle Scruggs scores
Jose Garza to third
Bobby Lasaguna to second
Batting: RHB Tristan Dennis 0-0: Ball
1-0: DOUBLE (Line Drive, 78XD, EV 110.6 MPH)
Jose Garza scores
Bobby Lasaguna scores
Ray Whitehead to third
Batting: LHB Sonny Flood 0-0: Called Strike
0-1: Ball
1-1: Ball
2-1: Foul Ball, location: 2F
2-2: Ball
3-2: Fly out, F9 (Line Drive, 9, EV 86.9 MPH)
Bottom of the 2nd over - 3 runs, 4 hits, 0 errors, 2 left on base; Staten Island 0 - Vancouver 3
TOP OF THE 3RD
Staten Island Yankees batting - Pitching for Vancouver Canadians : RHP William Cordero
Batting: RHB Mario Velazquez 0-0: Foul Ball, location: 2F
0-1: Ball
1-1: Ball
2-1: Swinging Strike
2-2: Ground out 6-3 (Groundball, 6, EV 107.5 MPH)
Batting: RHB Alex Blanco 0-0: Called Strike
0-1: Ball
1-1: Ground out 6-3 (Groundball, 6, EV 100.6 MPH)
Batting: RHB Jonathan Iniguez 0-0: Foul Ball, location: 2F
0-1: Fly out, F8 (Flyball, 89S, EV 76.9 MPH)
Top of the 3rd over - 0 runs, 0 hits, 0 errors, 0 left on base; Staten Island 0 - Vancouver 3
BOTTOM OF THE 3RD
Vancouver Canadians batting - Pitching for Staten Island Yankees : RHP Jake Bryant
Batting: RHB Lee McKay 0-0: Called Strike
0-1: Ball
1-1: Foul Ball, location: 2F
1-2: Fly out, F7 (Line Drive, 7, EV 108.1 MPH)
Batting: RHB Kyle Scruggs 0-0: Ball
1-0: Ball
2-0: Called Strike
2-1: Swinging Strike
2-2: Strikes out looking
Batting: RHB Jose Garza 0-0: Ball
1-0: Foul Ball, location: 2F
1-1: Ball
2-1: Ball
3-1: Foul Ball, location: 2F
3-2: SINGLE (Groundball, 34D, EV 98.8 MPH)
Batting: RHB Bobby Lasaguna 0-0: Ball
1-0: Ball
2-0: Called Strike
2-1: Called Strike
2-2: Foul Ball, location: 2F
2-2: Ball
3-2: Base on Balls
Jose Garza to second
Batting: RHB Jose Ontiveros 0-0: Called Strike
0-1: Ball
Wild Pitch!
Jose Garza to third
Bobby Lasaguna to second
1-1: Foul Ball, location: 2F
1-2: Ground out 4-3 (Groundball, 4MS, EV 85.6 MPH)
Bottom of the 3rd over - 0 runs, 1 hit, 0 errors, 2 left on base; Staten Island 0 - Vancouver 3
TOP OF THE 4TH
Staten Island Yankees batting - Pitching for Vancouver Canadians : RHP William Cordero
Batting: RHB Ben Jennings 0-0: Swinging Strike
0-1: Ball
1-1: Ball
2-1: Ball
3-1: Ground out 6-3 (Groundball, 6S, EV 81.2 MPH)
Batting: SHB Alex Orozco 0-0: Called Strike
0-1: Ground out 4-3 (Groundball, 34, EV 99.4 MPH)
Batting: RHB Nate Singleton 0-0: Called Strike
0-1: Swinging Strike
0-2: Ball
1-2: Strikes out swinging
Top of the 4th over - 0 runs, 0 hits, 0 errors, 0 left on base; Staten Island 0 - Vancouver 3
BOTTOM OF THE 4TH
Vancouver Canadians batting - Pitching for Staten Island Yankees : RHP Jake Bryant
Batting: RHB Justin Geiger 0-0: Ball
1-0: SINGLE (Groundball, 6S, EV 64.4 MPH) (infield hit)
Batting: LHB Ray Whitehead 0-0: Ball
1-0: Swinging Strike
1-1: Ball
2-1: Ball
3-1: Called Strike
3-2: SINGLE (Line Drive, 7S, EV 94.4 MPH)
Justin Geiger to second
Justin Geiger to third
Pitching: LHP Matt Cusatis
Batting: RHB Tristan Dennis 0-0: Ball
Ray Whitehead steals 2nd base (no throw)
1-0: Ground out 5-3 (Groundball, 56, EV 86.9 MPH)
Justin Geiger scores
Pinch Hitting: RHB Jose Garate 0-0: Ball
1-0: Called Strike
Ray Whitehead steals 3rd base
1-1: Ground out 6-3 (Groundball, 6, EV 88.1 MPH)
Ray Whitehead scores
Batting: RHB Lee McKay 0-0: Ball
1-0: Ball
2-0: Swinging Strike
2-1: SINGLE (Groundball, 6MD, EV 108.1 MPH)
Batting: RHB Kyle Scruggs 0-0: SINGLE (Groundball, 6MD, EV 96.2 MPH)
Lee McKay to second
Batting: RHB Jose Garza 0-0: Called Strike
0-1: Foul Ball, location: 2F
0-2: Ball
1-2: SINGLE (Groundball, 34D, EV 100.0 MPH)
Lee McKay to third
Kyle Scruggs to second
Runner from 3rd tries for Home, SAFE, throw by RF to home
Kyle Scruggs to third
Jose Garza to second
Batting: RHB Bobby Lasaguna 0-0: Foul Ball, location: 2F
0-1: Ball
1-1: Foul Ball, location: 2F
1-2: Ball
2-2: Ground out 5-3 (Groundball, 56, EV 106.9 MPH)
Bottom of the 4th over - 3 runs, 5 hits, 0 errors, 2 left on base; Staten Island 0 - Vancouver 6
TOP OF THE 5TH
Staten Island Yankees batting - Pitching for Vancouver Canadians : RHP William Cordero
Now in RF: Jose Garate
Batting: LHB Steve LeGrand 0-0: Ball
1-0: Called Strike
1-1: Ground out U3 (Groundball, 34S, EV 68.1 MPH)
Batting: RHB Norimoto Miyanishi 0-0: Called Strike
0-1: Ball
1-1: Foul Ball, location: 2F
1-2: SINGLE (Groundball, 56D, EV 98.8 MPH)
Batting: RHB Junki Nakamoto 0-0: Ball
1-0: Ball
2-0: Foul Ball, location: 2F
2-1: Foul Ball, location: 2F
2-2: Strikes out swinging
Batting: RHB Mario Velazquez 0-0: Ball
1-0: Ball
2-0: Fielders Choice at 2nd, 6-4 (Groundball, 6, EV 91.9 MPH)
Top of the 5th over - 0 runs, 1 hit, 0 errors, 1 left on base; Staten Island 0 - Vancouver 6
BOTTOM OF THE 5TH
Vancouver Canadians batting - Pitching for Staten Island Yankees : LHP Matt Cusatis
Batting: RHB Jose Ontiveros 0-0: Ball
1-0: Ball
2-0: Ball
3-0: Called Strike
3-1: Base on Balls
Batting: RHB Justin Geiger 0-0: Ball
1-0: Called Strike
1-1: Foul Ball, location: 2F
1-2: Fielders Choice at 2nd, 6-4 (Groundball, 6, EV 88.1 MPH)
Batting: LHB Ray Whitehead 0-0: Ball
1-0: Foul Ball, location: 2F
1-1: Ball
2-1: Called Strike
2-2: Ball
Justin Geiger steals 2nd base
3-2: Foul Ball, location: 2F
3-2: Base on Balls
Batting: RHB Tristan Dennis 0-0: Swinging Strike
0-1: Ball
1-1: Foul Ball, location: 2F
1-2: Strikes out swinging
Batting: RHB Jose Garate 0-0: Ball
1-0: Called Strike
1-1: Foul Ball, location: 2F
1-2: Fielders Choice at 2nd, 6-4 (Groundball, 6, EV 88.8 MPH)
Bottom of the 5th over - 0 runs, 0 hits, 0 errors, 2 left on base; Staten Island 0 - Vancouver 6
TOP OF THE 6TH
Staten Island Yankees batting - Pitching for Vancouver Canadians : RHP William Cordero
Batting: RHB Alex Blanco 0-0: Called Strike
0-1: Ball
1-1: SINGLE (Groundball, 56D, EV 96.9 MPH)
Batting: RHB Jonathan Iniguez 0-0: Ball
1-0: Called Strike
1-1: Ball
2-1: Grounds into double play, 4-6-3 (Groundball, 4M, EV 110.0 MPH)
Batting: RHB Ben Jennings 0-0: Ground out 1-3 (Groundball, 15S, EV 74.4 MPH)
Top of the 6th over - 0 runs, 1 hit, 0 errors, 0 left on base; Staten Island 0 - Vancouver 6
BOTTOM OF THE 6TH
Vancouver Canadians batting - Pitching for Staten Island Yankees : LHP Matt Cusatis
Batting: RHB Lee McKay 0-0: Ball
1-0: Called Strike
1-1: Foul Ball, location: 2F
1-2: Foul Ball, location: 2F
1-2: Ball
2-2: Ball
3-2: Base on Balls
Batting: RHB Kyle Scruggs 0-0: Ball
1-0: Called Strike
Lee McKay steals 2nd base
1-1: Ball
2-1: Foul Ball, location: 2F
2-2: Ball
3-2: Base on Balls
Pitching: LHP John Stull
Batting: RHB Jose Garza 0-0: Called Strike
0-1: TRIPLE (Flyball, 89XD, EV 103.1 MPH)
Lee McKay scores
Kyle Scruggs scores
Batting: RHB Bobby Lasaguna 0-0: Foul Ball, location: 2F
0-1: Ground out 5-3 (Groundball, 56, EV 84.4 MPH)
Jose Garza scores
Batting: RHB Jose Ontiveros 0-0: Ball
1-0: Ball
2-0: Ball
3-0: Base on Balls
Batting: RHB Justin Geiger 0-0: Ball
1-0: Fielders Choice at 2nd, 1-4 (Groundball, 15, EV 73.1 MPH)
Batting: LHB Ray Whitehead 0-0: Ball
1-0: Ball
2-0: Ball
Passed Ball!
Justin Geiger to second
3-0: Called Strike
3-1: Base on Balls
Batting: RHB Tristan Dennis 0-0: Fly out, F7 (Flyball, 7LMF, EV 88.8 MPH)
Bottom of the 6th over - 3 runs, 1 hit, 0 errors, 2 left on base; Staten Island 0 - Vancouver 9
TOP OF THE 7TH
Staten Island Yankees batting - Pitching for Vancouver Canadians : RHP William Cordero
Now at 1B: Alex Vazquez
Now in LF: Adam Santarelli
Batting: SHB Alex Orozco 0-0: Fly out, F8 (Line Drive, 8RM, EV 92.5 MPH)
Batting: RHB Nate Singleton 0-0: Ball
1-0: Called Strike
1-1: Swinging Strike
1-2: Strikes out looking
Batting: LHB Steve LeGrand 0-0: Ground out 4-3 (Groundball, 4, EV 96.2 MPH)
Top of the 7th over - 0 runs, 0 hits, 0 errors, 0 left on base; Staten Island 0 - Vancouver 9
BOTTOM OF THE 7TH
Vancouver Canadians batting - Pitching for Staten Island Yankees : LHP John Stull
Batting: RHB Jose Garate 0-0: Ball
1-0: Ball
2-0: Foul Ball, location: 2F
2-1: Ball
3-1: Foul Ball, location: 2F
3-2: Base on Balls
Batting: RHB Lee McKay 0-0: Ball
1-0: Ball
2-0: Foul Ball, location: 2F
2-1: Foul Ball, location: 2F
2-2: Foul Ball, location: 2F
2-2: Fly out, F6 (Line Drive, 6D, EV 71.9 MPH)
Pinch Hitting: RHB Jamie Ogilvie 0-0: DOUBLE (Groundball, 5L, EV 100.6 MPH)
Jose Garate to third
Pinch Hitting: RHB Andy Bridger 0-0: Ball
1-0: Foul Ball, location: 2F
1-1: SINGLE (Line Drive, 6MD, EV 101.2 MPH)
Jose Garate scores
Jamie Ogilvie to third
Runner from 3rd tries for Home, throw by CF and OUT! 8-2
Andy Bridger to second
Pitching: RHP Ben Cunningham
Batting: RHB Bobby Lasaguna 0-0: Ball
1-0: Swinging Strike
1-1: Ball
2-1: Ball
3-1: Foul Ball, location: 2F
3-2: Strikes out swinging
Bottom of the 7th over - 1 run, 2 hits, 0 errors, 1 left on base; Staten Island 0 - Vancouver 10
TOP OF THE 8TH
Staten Island Yankees batting - Pitching for Vancouver Canadians : RHP William Cordero
Now at 3B: Jose Garate
Now at SS: Jamie Ogilvie
Now in RF: Dan Hilyer
Batting: RHB Norimoto Miyanishi 0-0: Called Strike
0-1: Ball
1-1: Foul Ball, location: 2F
1-2: Fly out, F6 (Line Drive, 6, EV 68.1 MPH)
Batting: RHB Junki Nakamoto 0-0: Called Strike
0-1: Ball
1-1: Called Strike
1-2: Foul Ball, location: 2F
1-2: Strikes out swinging
Batting: RHB Mario Velazquez 0-0: Ball
1-0: Ball
2-0: Ground out 5-3 (Groundball, 56S, EV 85.6 MPH)
Top of the 8th over - 0 runs, 0 hits, 0 errors, 0 left on base; Staten Island 0 - Vancouver 10
BOTTOM OF THE 8TH
Vancouver Canadians batting - Pitching for Staten Island Yankees : RHP Ben Cunningham
Pinch Hitting: LHB Roald Jacobs 0-0: Called Strike
0-1: Ground out 3-1 (Groundball, 34, EV 99.4 MPH)
Pinch Hitting: RHB Gary Wilson 0-0: Foul Ball, location: 2F
0-1: Ball
1-1: Ball
2-1: Ball
3-1: Ground out 6-3 (Groundball, 56, EV 94.4 MPH)
Pinch Hitting: LHB Devin Huber 0-0: Ball
1-0: Ground out 3-1 (Groundball, 34, EV 90.6 MPH)
Bottom of the 8th over - 0 runs, 0 hits, 0 errors, 0 left on base; Staten Island 0 - Vancouver 10
TOP OF THE 9TH
Staten Island Yankees batting - Pitching for Vancouver Canadians : RHP William Cordero
Now at 1B: Gary Wilson
Now in LF: Dan Hilyer
Now in CF: Julio Canseco
Now in RF: Roald Jacobs
Batting: RHB Alex Blanco 0-0: Foul Ball, location: 2F
0-1: Ball
1-1: Foul Ball, location: 2F
1-2: Strikes out swinging
Batting: RHB Jonathan Iniguez 0-0: SINGLE (Groundball, 4D, EV 98.8 MPH)
Batting: RHB Ben Jennings 0-0: Foul Ball, location: 2F
0-1: Ball
1-1: Ball
2-1: Foul Ball, location: 2F
2-2: Foul Ball, location: 2F
2-2: Strikes out swinging
Batting: SHB Alex Orozco 0-0: Called Strike
0-1: DOUBLE (Groundball, 3L, EV 96.2 MPH)
Jonathan Iniguez to third
Batting: RHB Nate Singleton 0-0: Called Strike
0-1: Ball
1-1: Ball
2-1: Swinging Strike
2-2: Single, Error in OF, E7, batter to second base (Groundball, 56D, EV 101.2 MPH)
Jonathan Iniguez scores
Alex Orozco scores
Pitching: RHP Alexis Martinez
Now in LF: Edgar Castillo
Now in CF: Dan Hilyer
Now in RF: Julio Canseco
Batting: LHB Steve LeGrand 0-0: SINGLE (Flyball, 7LS, EV 88.1 MPH)
Nate Singleton to third
Batting: RHB Norimoto Miyanishi 0-0: Ball
1-0: Foul Ball, location: 2F
1-1: Ball
2-1: Called Strike
2-2: Foul Ball, location: 2F
2-2: Foul Ball, location: 2F
2-2: Foul Ball, location: 2F
2-2: Strikes out looking
Top of the 9th over - 2 runs, 4 hits, 1 error, 2 left on base; Staten Island 2 - Vancouver 10
Tuesday, September 13th , 2022 - OOTP Baseball 23.7 Build 88